 Dungeon Crawl Stone Soup version 0.14.0-12-g87ee3b7 (webtiles) character file.

16739 Maka the Bludgeoner (level 12, -6/99 HPs)
             Began as a Deep Dwarf Fighter on Apr 15, 2014.
             Was the Champion of Makhleb.
             Mangled by a spiny frog (15 damage)
             ... on Level 4 of the Lair of Beasts.
             The game lasted 00:50:09 (9124 turns).

Maka the Bludgeoner (Deep Dwarf Fighter)            Turns: 9124, Time: 00:50:09

HP  -6/99        AC 18     Str 20      XL: 12   Next:  8%
MP  16/16        EV  4     Int 10      God: Makhleb [******]
Gold 475         SH 23     Dex 16      Spells:  0 memorised, 11 levels left

rFire  + . .     SeeInvis .     a - +1,+0 eveningstar
rCold  . . .     Clarity  .     i - +0 plate armour {rF+}
rNeg   . . .     Conserve +     c - +0 shield
rPois  +         rCorr    .     l - +0 helmet
rElec  .         rRot     .     (no cloak)
SustAb + .       Spirit   .     j - +0 pair of gloves
rMut   .         Warding  .     G - +1 pair of boots
Saprov . . .     Stasis   .     q - amulet of conservation
MR     +....                    p - ring of poison resistance
                                d - ring of sustain abilities

@: non-regenerating, somewhat resistant to hostile enchantments, extremely
unstealthy
A: damage resistance, recharge devices, sense surroundings 2, slow healing 3
a: Device Recharging, Minor Destruction, Lesser Servant of Makhleb, Major
Destruction, Greater Servant of Makhleb, Renounce Religion


You were on level 4 of the Lair of Beasts.
You worshipped Makhleb.
Makhleb was exalted by your worship.
You were not hungry.

You visited 2 branches of the dungeon, and saw 12 of its levels.

You collected 475 gold pieces.

Inventory:

Hand weapons
 a - a +1,+0 eveningstar (weapon)
 b - a +1,+2 flail
Missiles
 t - 10 tomahawks (quivered)
Armour
 c - a +0 shield (worn)
 i - a +0 plate armour of fire resistance (worn)
 j - a +0 pair of gloves (worn)
 l - a +0 helmet (worn)
 G - a +1 pair of boots (worn)
Magical devices
 h - a wand of polymorph (10)
 m - a wand of polymorph (10)
 r - a wand of cold (3)
 y - a wand of cold (4)
 A - a wand of fire (5)
 D - a wand of paralysis (11)
 K - a wand of disintegration (12)
 L - a wand of confusion (15)
 M - a wand of frost (6)
 Y - a wand of teleportation (8)
 Z - a wand of heal wounds (3)
Comestibles
 k - 6 meat rations
 z - 14 strawberries
 F - 2 bread rations
 J - 8 slices of pizza
Scrolls
 f - 2 scrolls of remove curse
 s - 5 scrolls of teleportation
 u - 3 scrolls of fog
 C - a scroll of magic mapping
 I - a scroll of enchant weapon I
Jewellery
 d - a ring of sustain abilities (left hand)
 o - an uncursed amulet of rage
 p - a ring of poison resistance (right hand)
 q - an amulet of conservation (around neck)
 v - an uncursed amulet of clarity
 x - an uncursed amulet of stasis
 B - a cursed amulet of resist mutation {unknown}
 N - a +2 ring of strength
Potions
 e - a potion of might
 g - a potion of invisibility
 n - 6 potions of curing
 w - a potion of flight
 E - a potion of restore abilities
 H - a potion of heal wounds


   Skills:
 - Level 4.1 Fighting
 + Level 16.2 Maces & Flails
 - Level 8.0 Armour
 - Level 8.0 Shields
 - Level 2.2 Invocations


You had 11 spell levels left.
You didn't know any spells.

Dungeon Overview and Level Annotations

Branches:
Dungeon (8/15)             Temple (0/1) D:7            Lair (4/8) D:8
  Snake (0/5) Lair:3
  Swamp: Lair:3-6    Shoals: Lair:3-6    Spider: Lair:3-6

Altars:
Fedhas
Kikubaaqudgha
Makhleb
Nemelex Xobeh
Trog
Xom
Yredelemnul

Shops:
D:6 %[


Innate Abilities, Weirdness & Mutations

You are resistant to damage.
You can recharge devices by infusing magical energy.
You passively map the area around you.
You do not heal naturally.


Message History

The spiny frog is severely wounded.
The blink frog hits you.
* * * LOW HITPOINT WARNING * * *
The spiny frog stings you but does no damage.
The blink frog hits you!
* * * LOW HITPOINT WARNING * * *
You closely miss the spiny frog.
The spiny frog is severely wounded.
The spiny frog stings you but does no damage.
The blink frog hits you but does no damage.
You closely miss the spiny frog.
The spiny frog is severely wounded.
The spiny frog stings you.
* * * LOW HITPOINT WARNING * * *
The blink frog hits you.
* * * LOW HITPOINT WARNING * * *
You closely miss the spiny frog.
The spiny frog is severely wounded.
The spiny frog stings you!
You die...

## ####.####### #..<....#
.#######P#...#..#.#####.......#
..............................#
..............................##
...............................#
...............................#
......................}........#
...............FF..............#
#.####......#.#P@#..####.......#
### #.......######### ##......##
##......# #.......# ##......##
##......### #.......f#
#........#. ##....F..#
##......... #......## #.........
#......# #......... #.......
#.........


You could see a spiny frog and a blink frog.

Vanquished Creatures
  A hydra (Lair:2)
  Nergalle (Lair:3)
  2 black mambas
  9 spiny frogs
  A komodo dragon (Lair:2)
  18 blink frogs
  A shark (Lair:1)
  A spriggan (D:8)
  3 hippogriffs
  3 yaks (Lair:3)
  An elephant slug (Lair:3)
  A wyvern (D:8)
  Menkaure (D:5)
  3 wargs
  4 wolves (Lair:1)
  2 porcupines
  An orc warrior (D:8)
  A sky beast (D:4)
  2 water moccasins (Lair:2)
  A black bear (D:8)
  3 phantoms
  2 centaurs
  3 ogres
  6 crocodiles
  Duvessa (D:5)
  Blork the orc (D:5)
  3 giant slugs
  The ghost of BoredOne the Sneak, an average NaMo (D:5)
  A gnoll sergeant (D:5)
  10 giant frogs
  11 scorpions
  2 jellies (D:8)
  9 wights (D:8)
  Dowan (D:5)
  A goliath beetle (D:5)
  8 hounds
  5 orc priests
  5 crimson imps
  3 orc wizards
  3 worker ants
  6 iguanas
  14 sheep (Lair:4)
  Jessica (D:2)
  A sky beast zombie (D:6)
  6 gnolls
  34 green rats
  15 adders
  7 giant mites
  4 worms
  An adder skeleton (D:5)
  A giant eyeball (D:5)
  8 giant geckos
  2 oozes (D:1)
  13 orcs
  A bat zombie (D:5)
  8 giant cockroaches
  10 goblins
  15 hobgoblins
  35 jackals
  12 kobolds
  10 quokkas
  23 bats
  8 giant newts
  A goblin skeleton (D:5)
  2 orc skeletons (D:8)
  An orc zombie (D:5)
  14 rats
  A butterfly (Lair:2)
  2 fungi
392 creatures vanquished.

Notes
Turn   | Place    | Note
--------------------------------------------------------------
     0 | D:1      | Maka, the Deep Dwarf Fighter, began the quest for the Orb.
     0 | D:1      | Reached XP level 1. HP: 20/20 MP: 1/1
   125 | D:1      | Reached XP level 2. HP: 27/27 MP: 2/2
   518 | D:2      | Noticed Jessica
   524 | D:2      | Killed Jessica
   524 | D:2      | Reached XP level 3. HP: 24/33 MP: 3/3
   555 | D:2      | Reached skill level 4 in Maces & Flails
   840 | D:2      | Reached XP level 4. HP: 25/40 MP: 4/4
  1485 | D:3      | Reached skill level 5 in Maces & Flails
  1509 | D:3      | Reached XP level 5. HP: 24/46 MP: 5/5
  1540 | D:3      | Found an ancient bone altar of Kikubaaqudgha.
  1900 | D:4      | Reached skill level 6 in Maces & Flails
  2017 | D:4      | Found a burning altar of Makhleb.
  2056 | D:3      | Reached XP level 6. HP: 16/56 MP: 6/6
  2121 | D:4      | Became a worshipper of Makhleb the Destroyer
  2336 | D:4      | Noticed a sky beast
  2381 | D:4      | Killed a sky beast
  2485 | D:4      | Noticed a phantom
  2518 | D:4      | Killed a phantom
  2518 | D:4      | Reached XP level 7. HP: 37/62 MP: 7/7
  2599 | D:5      | Entered Level 5 of the Dungeon
  2644 | D:4      | Acquired Makhleb's first power
  2644 | D:4      | Reached skill level 7 in Maces & Flails
  2817 | D:5      | Paralysed by a giant eyeball for 3 turns
  2847 | D:5      | Reached skill level 8 in Maces & Flails
  2873 | D:5      | Noticed BoredOne's ghost (average NaMo)
  2900 | D:5      | Killed BoredOne's ghost
  2900 | D:5      | Reached XP level 8. HP: 25/69 MP: 8/8
  2915 | D:5      | Noticed Menkaure
  2925 | D:5      | Killed Menkaure
  2925 | D:5      | Reached skill level 9 in Maces & Flails
  3039 | D:5      | Found a sparkling altar of Nemelex Xobeh.
  3095 | D:5      | Noticed Duvessa
  3095 | D:5      | Noticed Dowan
  3130 | D:5      | Killed Duvessa
  3152 | D:5      | Killed Dowan
  3233 | D:5      | Noticed Blork the orc
  3254 | D:5      | Killed Blork the orc
  3254 | D:5      | Reached skill level 5 in Armour
  3254 | D:5      | Reached skill level 5 in Shields
  3266 | D:5      | Acquired Makhleb's second power
  3432 | D:5      | Reached skill level 10 in Maces & Flails
  3756 | D:6      | Found Shues' Armour Shop.
  3779 | D:6      | Found Groepias' Food Shop.
  4102 | D:7      | Gained mutation: You passively map the area around you. [level up]
  4102 | D:7      | Reached XP level 9. HP: 35/76 MP: 9/9
  4179 | D:7      | Acquired Makhleb's third power
  4180 | D:7      | Reached skill level 11 in Maces & Flails
  4283 | D:7      | Found a blossoming altar of Fedhas.
  4283 | D:7      | Found a bloodstained altar of Trog.
  4660 | D:7      | Found a basalt altar of Yredelemnul.
  4962 | D:7      | Found a staircase to the Ecumenical Temple.
  5148 | D:8      | Acquired Makhleb's fourth power
  5267 | D:7      | Reached skill level 12 in Maces & Flails
  5591 | D:8      | Reached XP level 10. HP: 57/85 MP: 10/10
  5643 | D:8      | Found a staircase to the Lair.
  5833 | D:8      | Noticed an orange demon
  5843 | D:8      | Found an ancient bone altar of Kikubaaqudgha.
  5887 | D:8      | Acquired Makhleb's fifth power
  5896 | D:8      | Found a shimmering altar of Xom.
  6058 | Lair:1   | Entered Level 1 of the Lair of Beasts
  6105 | Lair:1   | Reached skill level 13 in Maces & Flails
  6394 | Lair:1   | Reached skill level 14 in Maces & Flails
  6641 | Lair:1   | HP: 2/85 [iguana (4)]
  6971 | Lair:2   | Reached XP level 11. HP: 43/92 MP: 14/14
  7108 | Lair:2   | Noticed a four-headed hydra
  7117 | Lair:2   | Killed a four-headed hydra
  7117 | Lair:2   | Reached skill level 15 in Maces & Flails
  7713 | Lair:3   | Found a staircase to the Snake Pit.
  7862 | Lair:3   | Noticed Nergalle
  7891 | Lair:3   | Killed Nergalle
  7971 | Lair:3   | Reached skill level 16 in Maces & Flails
  8905 | Lair:4   | Reached XP level 12. HP: 51/99 MP: 16/16
  9124 | Lair:4   | Mangled by a spiny frog

Action                   |  1- 3 |  4- 6 |  7- 9 | 10-12 || total
-------------------------+-------+-------+-------+-------++-------
Melee: Flail             |   119 |   264 |   466 |       ||   849
       Eveningstar       |       |       |    97 |   801 ||   898
Throw: Tomahawk          |       |       |    17 |     4 ||    21
Evoke: Wand              |       |     4 |    11 |     9 ||    24
  Use: Scroll            |     1 |    14 |     9 |     6 ||    30
       Potion            |       |       |     1 |     1 ||     2
 Stab: Held in net/web   |       |       |     1 |       ||     1
       Confused          |       |       |       |     1 ||     1
